 Dungeon Crawl Stone Soup version 0.23-a0-558-g30802b1 (webtiles) character file.

1355 inmateoo the Grappler (level 8, -6/81 HPs)
             Began as a Troll Monk on Dec 11, 2018.
             Mangled by a centaur
             ... wielding a cursed +0 shortbow
              (7 damage)
             ... on level 6 of the Dungeon.
             The game lasted 00:05:45 (4541 turns).

inmateoo the Grappler (Troll Monk)                  Turns: 4541, Time: 00:05:46

Health: -6/81      AC:  7    Str: 22    XL:     8   Next: 37%
Magic:  7/7        EV: 11    Int:  9    God:
Gold:   234        SH:  3    Dex: 12    Spells: 7/7 levels left

rFire    . . .     SeeInvis .     - Unarmed
rCold    . . .     Gourm    +   (no shield)
rNeg     . . .     Faith    .   a - +0 robe
rPois    .         Spirit   .   (helmet restricted)
rElec    .         Reflect  +   x - +1 cloak
rCorr    .         Harm     .   (gloves unavailable)
MR       .....                  (boots unavailable)
Stlth    ++........             w - +3 amulet of reflection
HPRegen  0.63/turn              o - +3 ring of intelligence
MPRegen  0.10/turn              (no ring)

@: no status effects
A: large, unfitting armour, claws 3, fast metabolism 3, gourmand, regeneration
1, shaggy fur 1, tough skin 2
a: no special abilities


You were on level 6 of the Dungeon.
You were very full.

You visited 2 branches of the dungeon, and saw 8 of its levels.
You also visited: Sewer.

You collected 234 gold pieces.

Inventory:

Hand Weapons
 y - the +2 spear of the Little People {freeze, Int+4 Stlth+}
   (You found it on level 4 of the Dungeon)

   It has been specially enchanted to freeze those struck by it, causing extra
   injury to most foes and up to half again as much damage against particularly
   susceptible opponents.
   It can also slow down cold-blooded creatures.
   It affects your intelligence (+4).
   It makes you more stealthy.
Armour
 a - a +0 robe (worn)
 x - a +1 cloak (worn)
Jewellery
 o - a +3 ring of intelligence (left claw)
 w - a +3 amulet of reflection (around neck)
 B - an uncursed amulet of magic regeneration {unknown}
Wands
 f - a wand of paralysis (5)
 A - a wand of polymorph (14)
Scrolls
 c - 4 scrolls of teleportation
 l - a scroll of enchant weapon {unknown}
 n - a scroll of remove curse
 p - a scroll of enchant armour
 s - a scroll of magic mapping
 t - 3 scrolls of blinking
 u - a scroll of fog
 C - a scroll of identify
Potions
 d - a potion of brilliance {unknown}
 e - a potion of mutation
 g - 3 potions of lignification {unknown}
 h - a potion of might {unknown}
 i - a potion of berserk rage {unknown}
 j - a potion of resistance {unknown}
 k - 2 potions of heal wounds
 m - 2 potions of ambrosia {unknown}
 q - a potion of magic
 r - a potion of degeneration {unknown}
 v - 6 potions of curing {unknown}
 z - 3 potions of flight
Comestibles
 b - 13 rations
 D - 4 chunks of flesh


   Skills:
 + Level 5.4 Fighting
 - Level 3.0 Dodging
 - Level 1.0 Stealth
 * Level 8.8 Unarmed Combat


You had 7 spell levels left.
You didn't know any spells.
Your spell library contained the following spells:

 Spells                   Type           Power        Failure   Level  Hunger
 Flame Tongue             Conj/Fire      #....        38%         1    ##.....
 Throw Flame              Conj/Fire      #.....       52%         2    ###....
 Conjure Flame            Conj/Fire      #.......     77%         3    ####...
 Inner Flame              Hex/Fire       #.......     77%         3    ####...
 Sticky Flame             Conj/Fire      #.......     99%         4    #####..
 Fireball                 Conj/Fire      #.........   100%        5    ######.


Dungeon Overview and Level Annotations

Branches:
Dungeon (7/15)             Temple (1/1) D:7

Altars:
Dithmenos
Fedhas
Kikubaaqudgha
Makhleb
Nemelex Xobeh
Okawaru
Qazlal
Ru
Trog
Uskayaw
Vehumet
Wu Jian
Xom
Yredelemnul
Zin
The Shining One


Innate Abilities, Weirdness & Mutations

You are too large for most types of armour.
You have claws for hands.
Your metabolism is lightning-fast.
You like to eat raw meat.
Your natural rate of healing is unusually fast.
You are covered in fur. (AC +1)
You have very tough skin. (AC +2)


Message History

The orc priest hits you but does no damage.
Unknown command.
You barely miss the orc priest.
The orc priest is lightly wounded.
The centaur barely misses you. You block the orc priest's attack.
Unknown command.
You claw the orc priest!
The orc priest is severely wounded.
The centaur hits you with a cursed +0 shortbow.
* * * LOW HITPOINT WARNING * * *
Unknown command.
You closely miss the orc priest.
The orc priest is severely wounded.
The centaur barely misses you.
The orc priest calls down the wrath of Beogh upon you.
Beogh smites you!
* * * LOW HITPOINT WARNING * * *
The orc misses you.
The centaur hits you with a cursed +0 shortbow!
You die...

##...#####........[#.......#
#...# ###.##.##.#.......#
#.#.# #)##.##.#########
#...# #...(......c ##.#
####(###.### #.# .# #.# .#
#o###.# #c@o..# #######


You could see a centaur, an orc priest and an orc.

Vanquished Creatures
  A water moccasin (D:5)
  An orc warrior (D:6)
  A sky beast (D:5)
  2 phantoms
  2 big kobolds (Sewer)
  A scorpion (D:4)
  2 wights (D:7)
  A crimson imp (D:5)
  An orc priest (D:7)
  A bullfrog skeleton (D:5)
  2 orc wizards (D:3)
  6 worker ants
  A hound skeleton (D:5)
  4 gnolls
  A river rat (Sewer)
  10 adders
  A shadow imp (D:5)
  3 oozes
  An adder zombie (D:7)
  3 adder skeletons (D:5)
  4 worms
  2 dart slugs (D:2)
  10 leopard geckos
  24 orcs
  9 bats
  9 giant cockroaches
  7 hobgoblins
  2 jackals (D:2)
  8 kobolds
  5 ball pythons
  4 frilled lizards
  9 goblins
  A jackal skeleton (D:5)
  9 rats
148 creatures vanquished.

Notes
Turn   | Place    | Note
-------+----------+-------------------------------------------
     0 | D:1      | inmateoo the Troll Monk began the quest for the Orb.
     0 | D:1      | Reached XP level 1. HP: 22/22 MP: 0/0
   208 | D:1      | Reached XP level 2. HP: 29/29 MP: 1/1
   334 | D:1      | Reached XP level 3. HP: 36/36 MP: 2/2
  1039 | D:2      | Reached skill level 4 in Unarmed Combat
  1115 | D:2      | Reached XP level 4. HP: 44/44 MP: 3/3
  1210 | D:2      | Found a bloodstained altar of Trog.
  1322 | D:2      | Found a blossoming altar of Fedhas.
  1633 | D:3      | Found a radiant altar of Vehumet.
  1678 | D:3      | Reached XP level 5. HP: 51/53 MP: 4/4
  1850 | D:3      | Found a glowing golden altar of the Shining One.
  1868 | D:3      | Found a glowing drain.
  1888 | Sewer    | Entered a sewer
  1946 | Sewer    | Reached skill level 5 in Unarmed Combat
  2098 | Sewer    | Reached XP level 6. HP: 53/62 MP: 5/5
  2189 | D:3      | Reached skill level 6 in Unarmed Combat
  2554 | D:4      | Found a shimmering altar of Xom.
  2601 | D:4      | Found a sparkling altar of Nemelex Xobeh.
  2693 | D:4      | Reached XP level 7. HP: 57/70 MP: 6/6
  2901 | D:4      | Found a sacrificial altar of Ru.
  3044 | D:4      | Got an encrusted spear
  3153 | D:4      | Reached skill level 7 in Unarmed Combat
  3197 | D:4      | Found a glowing silver altar of Zin.
  3278 | D:4      | Identified the cursed +2 spear of the Little People
                  | {freeze, Int+4 Stlth+} (You found it on level 4 of the
                  | Dungeon)
  3319 | D:5      | Entered Level 5 of the Dungeon
  3797 | D:5      | Reached skill level 8 in Unarmed Combat
  3851 | D:5      | Reached XP level 8. HP: 65/79 MP: 7/7
  3971 | D:5      | Reached skill level 5 in Fighting
  4378 | D:7      | Found a staircase to the Ecumenical Temple.
  4383 | Temple   | Entered the Ecumenical Temple
  4541 | D:6      | HP: 1/81 [orc priest/divine providence (8)]
  4541 | D:6      | Mangled by a centaur

Vault maps used:
D:1:      dpeg_arrival_rooms_a
D:2:      lemuel_round_altar, fedhas_ov_isle_minmay, dk_noncrumbling_3,
          kennysheep_generic_room_13
D:3:      lemuel_doored_altar, vehumet_crystals, portal_sewer_entry_f
D:4:      nemelex_xobeh_ov_fountains_minmay, marbit_many_paths,
          lemuel_crystal_altar, first_ration, nicolae_ru_path_of_blood
D:5:      wad_floor_pattern_1, hangedman_decor_points
D:7:      lemuel_round_altar, slow_altar_1, lemuel_round_altar, temple_doors_e,
          serial_co_window_serial, co_window_paths_b, co_window_cross_1,
          co_window_paths_a, co_window_corner_a, co_window_corner_a,
          co_window_unsneaky_path_c, co_window_corner_b, co_window_broadway_a,
          glass_columns_a, glass_columns_a, glass_columns_b, the_bakery,
          kennysheep_small_circle
Temple:   kb_temple_of_zot
Sewer:    sewer_co_15_rooms

Skill      XL: |  1  2  3  4  5  6  7  8 |
---------------+-------------------------+-----
Unarmed Combat | 4 5 6 8 |  8.8
Dodging        | 3 |  3.0
Fighting       | 3 4 5 |  5.4
Stealth        | |  1.0

Action                   |  1- 3 |  4- 6 |  7- 9 || total
-------------------------+-------+-------+-------++-------
Melee: Unarmed           |    86 |   178 |   145 ||   409
       Punch             |     3 |     7 |     5 ||    15
  Use: Scroll            |       |       |    11 ||    11
       Potion            |       |       |     1 ||     1
 Stab: Sleeping          |     3 |     3 |     2 ||     8
  Eat: Chunk             |    15 |    15 |    17 ||    47
Armor: Robe              |    21 |    55 |    46 ||   122
Dodge: Dodged            |    36 |    91 |    57 ||   184
Block: Other             |       |       |    19 ||    19
       Reflection        |       |       |     3 ||     3

Table legend:
 A = Non-vault XP
 B = Vault XP
 C = Vault XP percentage of total XP
 D = Non-vault monster count
 E = Vault monster count
 F = Vault count percentage of total count
                 A         B        C        D         E       F
            +---------+---------+-------+---------+---------+-------
      Total |    1675 |     262 |  13.5 |     127 |      21 |  14.2
            +---------+---------+-------+---------+---------+-------
        D:1 |      59 |       0 |   0.0 |      25 |       0 |   0.0
        D:2 |      62 |       0 |   0.0 |      21 |       0 |   0.0
        D:3 |     173 |      12 |   6.5 |      28 |       5 |  15.2
        D:4 |     402 |      13 |   3.1 |      18 |       1 |   5.3
        D:5 |     626 |       0 |   0.0 |      23 |       0 |   0.0
        D:6 |     176 |       0 |   0.0 |       4 |       0 |   0.0
        D:7 |     177 |       0 |   0.0 |       8 |       0 |   0.0
      Sewer |       0 |     237 | 100.0 |       0 |      15 | 100.0
            +---------+---------+-------+---------+---------+-------
